 Dungeon Crawl Stone Soup version 0.28-a0-980-g3664467d6e (webtiles) character file.

Game seed: 12387623898452761639

72 Peloso the Covered (level 4, -3/40 HPs)
             Began as a Minotaur Fighter on Dec 2, 2021.
             Slain by Pikel (5 damage)
             ... on level 5 of the Dungeon.
             The game lasted 00:02:53 (1418 turns).

Peloso the Covered (Minotaur Fighter)               Turns: 1418, Time: 00:02:53

Health: -3/40      AC:  8    Str: 18    XL:     4   Next: 6%
Magic:  2/2        EV:  9    Int:  5    God:
Gold:   57         SH:  5    Dex: 12    Spells: 3/3 levels left

rFire   . . .      SeeInvis .   a - +0 long sword
rCold   . . .      Faith    .   c - +0 buckler
rNeg    . . .      Spirit   .   b - +0 scale mail
rPois   .          Reflect  .   (helmet restricted)
rElec   .          Harm     .   (no cloak)
rCorr   .          Rampage  .   (no gloves)
Will    .....                   e - +0 pair of boots
Stlth   ..........              (no amulet)
HPRegen 0.13/turn               (no ring)
MPRegen 0.08/turn               (no ring)

@: no status effects
A: horns 2, retaliatory headbutt, low mp 1, weak 1
a: no special abilities


You were on level 5 of the Dungeon.
You visited 1 branch of the dungeon, and saw 5 of its levels.

You collected 57 gold pieces.

Inventory:

Hand Weapons
 a - a +0 long sword (weapon)
Armour
 b - a +0 scale mail (worn)
 c - a +0 buckler (worn)
 e - a +0 pair of boots (worn)
Jewellery
 g - an amulet of the acrobat
Scrolls
 f - a scroll of brand weapon {unknown}
Potions
 d - a potion of might


   Skills:
 + Level 4.0 Fighting
 + Level 3.1 Long Blades
 + Level 4.8 Armour
 + Level 0.7 Dodging
 + Level 4.1 Shields


You had 3 spell levels left.
You didn't know any spells.
Your spell library contained the following spells:

 Spells                   Type           Power      Damage    Failure   Level
 Ensorcelled Hibernation  Hex/Ice        0%         N/A       94%         2
 Spider Form              Tmut/Pois      0%         N/A       99%         3


Dungeon Overview and Level Annotations

Branches:
Dungeon (5/15)
 Temple: D:4-7

Altars:
Makhleb

Shops:
D:1 *

Annotations:
D:5 Pikel


Innate Abilities, Weirdness & Mutations

You have a pair of horns on your head.
You reflexively headbutt those who attack you in melee.
Your magical capacity is low. (-10% MP)
You are weak. (Str -2)


Message History

There is a stone staircase leading up here.
You see here a +0 robe.
Found a burning altar of Makhleb.
There is a stone staircase leading down here.
You climb downwards.
There is a stone staircase leading up here.
Found a stone staircase leading down.
An iguana comes into view.
The iguana hisses angrily.
A lemure and Pikel come into view.
Pikel is wielding a +0 whip of freezing.
Pikel shouts!
The lemure shouts!
You hear a shout!
A lemure comes into view.
Found a stone staircase leading down.
A lemure comes into view.
There is a stone staircase leading down here.
A lemure comes into view.
The lemure shouts!
The lemure completely misses you.
Pikel hits you with a +0 whip of freezing.
Pikel freezes you.
You barely miss Pikel. The iguana barely misses you.
Pikel hits you with a +0 whip of freezing!
Pikel freezes you. The iguana barely misses you. The lemure hits you.
Pikel says, "You'll make a fine lemure."
Pikel hits you with a +0 whip of freezing.
Pikel freezes you. The lemure closely misses you.
The lemure hits you but does no damage. The iguana bites you!
* * * LOW HITPOINT WARNING * * *
Pikel hits you with a +0 whip of freezing.
* * * LOW HITPOINT WARNING * * *
Pikel freezes you.
* * * LOW HITPOINT WARNING * * *
The lemure hits you.
* * * LOW HITPOINT WARNING * * *
The iguana bites you but does no damage.
The lemure hits you but does no damage.
Pikel hits you with a +0 whip of freezing.
You die...

#...# #...# #...#
#...# ##
.######...####...
......5..........
......55.....>...
.....5K@.>.......
#####.#l..#.##.#.
#.#...# #
#.#...#.#
####.#...#.#
#..........#
#.####...###
#.####...#
###.#..<..##


You could see Pikel, 4 lemures and an iguana.

Vanquished Creatures
  2 adders (D:2)
  A worm (D:2)
  2 dart slugs (D:2)
  A ball python (D:2)
  8 endoplasms
  3 goblins (D:1)
  6 hobgoblins
  4 kobolds (D:1)
  6 quokkas
  5 bats
  A frilled lizard (D:1)
  A rat (D:1)
40 creatures vanquished.

Notes
Turn   | Place    | Note
-------+----------+-------------------------------------------
     0 | D:1      | Peloso the Minotaur Fighter began the quest for the Orb.
     0 | D:1      | Reached XP level 1. HP: 19/19 MP: 0/0
   183 | D:1      | Reached XP level 2. HP: 27/27 MP: 1/1
   622 | D:1      | Found Elaos's General Store.
   703 | D:1      | Reached XP level 3. HP: 33/33 MP: 2/2
  1197 | D:2      | Reached XP level 4. HP: 40/40 MP: 3/3
  1284 | D:2      | Gained mutation: You are weak. (Str -2) [potion of
                  | mutation]
  1284 | D:2      | Gained mutation: Your magical capacity is low. (-10% MP)
                  | [potion of mutation]
  1380 | D:4      | Found a burning altar of Makhleb.
  1384 | D:5      | Entered Level 5 of the Dungeon
  1410 | D:5      | Noticed Pikel
  1410 | D:5      | Noticed a lemure
  1410 | D:5      | Noticed a lemure
  1411 | D:5      | Noticed a lemure
  1413 | D:5      | Noticed a lemure
  1417 | D:5      | HP: 2/40 [Pikel (2)]
  1418 | D:5      | Slain by Pikel

Illustrated notes

Levels and vault maps discovered:
D:1:      nzn_arrival_water_spiral, layout_basic, serial_shops,
          nicolae_shop_waterfront, serial_park_tiny_2, minmay_stone_trees_medium
D:2:      layout_rooms, shapermc_ecumenical_altar_flowoftime
D:3:      layout_rooms, minmay_misc_feat_roman, mrwooster_statue_mirror
D:4:      layout_loops_cross, lemuel_round_altar, mainiacjoe_overflow_24_doors,
          mainiacjoe_overflow_concentric_impassable
D:5:      layout_loops_cross, uniq_pikel

Skill      XL: |  1  2  3 |
---------------+----------+-----
Armour         | 4 |  4.8
Fighting       | 4 |  4.0
Shields        | 4 |  4.1
Long Blades    | 3 |  3.1
Dodging        | |  0.7

Action                   |  1- 3 |  4- 6 || total
-------------------------+-------+-------++-------
Melee: Long sword        |    77 |     4 ||    81
       Headbutt          |    13 |       ||    13
  Use: Scroll            |     1 |     2 ||     3
       Potion            |       |     3 ||     3
Armor: Scale mail        |    47 |     6 ||    53
Dodge: Dodged            |    36 |    10 ||    46
Block: Buckler           |    14 |     1 ||    15

Table legend: (Time is in decaauts)
 A = Elapsed time spent in this place.
 B = Non-inter-level travel time spent in this place.
 C = Inter-level travel time spent in this place.
 D = Time resting spent in this place.
 E = Time spent auto-exploring this place.
 F = Levels seen in this place.
 G = Mean time per level.
                   A        B        C        D        E       F      G
               +--------+--------+--------+--------+--------+-----+--------+
         Total |   1444 |   1432 |     12 |      0 |   1072 |   5 |  288.8 |
       Dungeon |   1444 |   1432 |     12 |      0 |   1072 |   5 |  288.8 |
               +--------+--------+--------+--------+--------+-----+--------+

Top non-repeatable levels by time:
     D:1: 1044 daAuts
     D:2: 282 daAuts
     D:3: 77 daAuts
     D:5: 34 daAuts
     D:4: 5 daAuts
